 Dungeon Crawl Stone Soup version 0.32-a0-32-g978bd804de (webtiles) character file.

Game seed: 2575591150818328702

500936 shadizar the Annihilator (level 26, -7/195 HPs)
             Began as a Djinni Conjurer on Jan 20, 2024.
             Was the Champion of Makhleb.
             Mangled by a quicksilver ooze (14 damage)
             ... on level 5 of the Pits of Slime.
             The game lasted 02:56:50 (44450 turns).

shadizar the Annihilator (Djinni Conjurer)         Turns: 44450, Time: 02:56:51

Health: -7/195     AC: 14    Str:  8    XL:     26   Next: 16%
Gold:   6834       EV: 12    Int: 37    God:    Makhleb [******] SH: 14 Dex: 14

rFire   + + .        Y - staff of Yredelemnul's Grace {rElec rN+++ Dex-4 Stlth+ Air Alchemy}
rCold   . . .        P - +2 kite shield {reflect}
rNeg    + + +        V - +3 scale mail {Will+}
rPois   ∞            L - +0 helmet of Entitlement {Int+4 Slay+3}
rElec   +            M - scarf of Dycvism {rC+ rF+, Harm Int+3}
rCorr   +            A - +2 pair of gloves
SInv    .            (boots unavailable)
Will    ++++.        h - amulet of regeneration
Stlth   +            t - ring of Higice {rF- rN+ Will+ Dex+4}
HPRegen 1.32/turn    Q - ring "Emita" {rElec rPois rCorr Str+2}
MPRegen 0.00/turn

%: harm (+30% outgoing, +20% incoming), reflection, infuse magic (-8 HP)
@: corroded, flying, studying Conjurations
A: sickness immunity, fire resistance 2, cold vulnerability 1, float, innate
caster, HP casting, extra vitality 1, deterioration 1, inability to drink after
injury 1
}: 3/15 runes: serpentine, barnacled, silver
a: Renounce Religion, Minor Destruction, Lesser Servant of Makhleb, Major
Destruction, Greater Servant of Makhleb


You were on level 5 of the Pits of Slime.
You worshipped Makhleb.
Makhleb was exalted by your worship.
You visited 8 branches of the dungeon, and saw 43 of its levels.
You also visited: Trove, Ossuary, Ice Cave and Volcano.

You collected 7272 gold pieces.
You spent 438 gold pieces at shops.

Inventory:

Armour
 A - a +2 pair of gloves (worn)
 D - a +2 scale mail of fire resistance
 K - a +1 chain mail of positive energy
 L - the +0 helmet of Entitlement (worn) {Int+4 Slay+3}
   (You found it in a treasure trove)

   Int+4:     It affects your intelligence (+4).
   Slay+3:    It affects your accuracy & damage with ranged weapons and melee
   (+3).
 M - the scarf of Dycvism (worn) {rC+ rF+, Harm Int+3}
   (You found it in a treasure trove)

   Int+3:     It affects your intelligence (+3).
   Harm:      It increases damage dealt and taken.
 P - a +2 kite shield of reflection (worn)
 V - a +3 scale mail of willpower (worn)
 W - a +1 buckler of cold resistance
Magical Staves
 I - a staff of conjuration
 R - the staff of the Onslaught {rPois rC+ Str-3 Int+3 Ice}
   (You found it on level 3 of the Shoals)

   [staff of cold]

   Base accuracy: +5 Base damage: 5 Base attack delay: 1.2 This weapon's minimum
   attack delay (0.6) is reached at skill level 12.
   Str-3:     It affects your strength (-3).
   Int+3:     It affects your intelligence (+3).
   rC+:       It protects you from cold.
   rPois:     It protects you from poison Ice: It increases the power of your
   Ice spells.
   It falls into the 'Staves' category.
   It is a one-handed weapon.
 Y - the staff of Yredelemnul's Grace (weapon) {rElec rN+++ Dex-4 Stlth+ Air Alchemy}
   (You found it on level 5 of the Vaults)

   [staff of air]

   Base accuracy: +5 Base damage: 5 Base attack delay: 1.2 This weapon's minimum
   attack delay (0.6) is reached at skill level 12.
   Dex-4:     It affects your dexterity (-4).
   rElec:     It insulates you from electricity.
   rN+++:     It renders you almost immune to negative energy.
   Stlth+:    It makes you more stealthy.
   Air:       It increases the power of your Air spells.
   Alchemy:   It increases the power of your Alchemy spells.
   It falls into the 'Staves' category.
   It is a one-handed weapon.
Jewellery
 c - the ring "Efruteu" {rF+ Int+3}
   (You took it off a deep elf demonologist on level 3 of the Elven Halls)

   [ring of protection from fire]

   Int+3:     It affects your intelligence (+3).
   rF+:       It protects you from fire.
 f - a +5 ring of evasion
 h - an amulet of regeneration (around neck)
 i - the ring of Stoicism {^Drain rPois rF+ Dex+3 Slay+2}
   (You found it on level 5 of the Vaults)

   [ring of protection from fire]

   Dex+3:     It affects your dexterity (+3).
   Slay+2:    It affects your accuracy & damage with ranged weapons and melee
   (+2).
   rF+:       It protects you from fire.
   rPois:     It protects you from poison ^Drain: It drains your maximum health
   when unequipped.
 s - the brooch of Shielding {Spirit SH+8}
   (You found it on level 3 of the Elven Halls)

   [amulet of guardian spirit]

   Spirit:    It causes incoming damage to be divided between your reserves of
   health and magic.
   SH+8:      It affects your SH (+8).
 t - the ring of Higice (left hand) {rF- rN+ Will+ Dex+4}
   (You found it on level 3 of the Elven Halls)

   [ring of willpower]

   Dex+4:     It affects your dexterity (+4).
   rF-:       It makes you vulnerable to fire.
   rN+:       It protects you from negative energy.
   Will+:     It increases your willpower.
 v - the ring of Eternity {Int+3 Dex+6}
   (You found it in a treasure trove)

   [ring of dexterity]

   Int+3:     It affects your intelligence (+3).
   Dex+6:     It affects your dexterity (+6).
 w - the amulet of Ziomoon {Reflect rF+ SH+5}
   (You found it in a treasure trove)

   [amulet of reflection]

   Reflect:   It reflects blocked missile attacks.
   rF+:       It protects you from fire.
   SH+5:      It affects your SH (+5).
 G - a ring of positive energy
 N - a ring of ice
 Q - the ring "Emita" (right hand) {rElec rPois rCorr Str+2}
   (You bought it in a shop on level 3 of the Snake Pit)

   [ring of poison resistance]

   Str+2:     It affects your strength (+2).
   rElec:     It insulates you from electricity.
   rPois:     It protects you from poison rCorr: It protects you from acid and
   corrosion.
 S - a ring of wizardry
 Z - a ring of positive energy
Wands
 a - a wand of flame (87)
 x - a wand of light (31)
 y - a wand of paralysis (58)
 B - a wand of mindburst (30)
 C - a wand of polymorph (27)
 O - a wand of roots (40)
 T - a wand of digging (21)
Scrolls
 b - 20 scrolls of teleportation
 o - 2 scrolls of revelation
 p - 8 scrolls of blinking
 u - 4 scrolls of enchant weapon
 F - 2 scrolls of fear
 J - 4 scrolls of silence
 X - a scroll of butterflies
Potions
 d - 18 potions of curing
 e - 3 potions of resistance
 g - 7 potions of cancellation
 j - 11 potions of heal wounds
 k - 4 potions of invisibility
 l - 6 potions of haste
 m - 6 potions of enlightenment
 n - 2 potions of berserk rage
 q - 11 potions of might
 z - 5 potions of brilliance
 E - a potion of lignification
 H - 2 potions of magic {unknown}


   Skills:
 + Level 18.8 Fighting
 - Level 15.2 Armour
 - Level 17.1 Dodging
 - Level 1.5 Stealth
 + Level 12.5 Shields
 + Level 25.1 Spellcasting
 O Level 27 Conjurations
 + Level 25.1 Hexes
   Level 0.0 Charms
 + Level 25.1 Summonings
 + Level 25.1 Necromancy
 + Level 25.1 Translocations
   Level 0.0 Transmutations
 + Level 25.1 Fire Magic
 + Level 25.1 Ice Magic
 + Level 25.1 Air Magic
 + Level 25.1 Earth Magic
 + Level 25.1 Alchemy


You knew the following spells:

 Your Spells              Type           Power      Damage    Failure   Level
a - Magic Dart            Conj           100%       1d8       0%          1
b - Searing Ray           Conj           100%       2d8       0%          2
c - Fulminant Prism       Conj/Alch      75%        3d31      0%          4
d - Iskenderun's Mystic   Conj/Tloc      100%       2d19      0%          4
e - Sandblast             Erth           100%       2d20      0%          1
f - Lesser Beckoning      Tloc           100%       N/A       0%          2
g - Momentum Strike       Conj/Tloc      100%       3d10      0%          2
h - Vampiric Draining     Necr           100%       2d13      0%          3
i - Summon Mana Viper     Hex/Summ       100%       N/A       0%          5
j - Borgnjor's Vile Clut  Necr/Erth      62%        N/A       0%          5
k - Dispersal             Tloc           62%        N/A       1%          6
l - Summon Cactus Giant   Summ           62%        N/A       1%          6
m - Ozocubu's Refrigerat  Ice            62%        4d21      1%          7
n - Ignition              Fire           62%        3d17      1%          8
o - Enfeeble              Hex            62%        N/A       1%          7
p - Infestation           Necr           62%        N/A       1%          8
Your spell library was empty.

Dungeon Overview and Level Annotations

Branches:
Dungeon (15/15)            Temple (0/1) D:6            Lair (5/5) D:8
 Shoals (4/4) Lair:2        Snake (4/4) Lair:3        Slime (5/5) Lair:4
    Orc (2/2) D:9             Elf (3/3) Orc:2        Vaults (5/5) D:14
  Crypt (0/3) Vaults:2     Depths (0/4) D:15        Ossuary (visited)
  IceCv (visited)         Volcano (visited)

Altars:
Ashenzari
Dithmenos
Elyvilon
Fedhas
Hepliaklqana
Makhleb
Nemelex Xobeh
Okawaru
Qazlal
Ru
Uskayaw
Wu Jian
Xom
Yredelemnul
Zin
Jiyva

Shops:
Orc:2 (=!**   Elf:2 *   Elf:3 !   Shoals:1 *   Shoals:3 :   Shoals:4 =
Snake:3 *=[!   Vaults:1 *   Vaults:4 (*[

Portals:
Pandemonium: Orc:2

Annotations:
Lair:5 1 runed translucent door, KineticRobot's ghost, journeyman OnBe
Shoals:4 Roxanne
Vaults:1 1 runed translucent door, heinrich's ghost, adept TrMo


Innate Abilities, Weirdness & Mutations

You are immune to sickness and miasma.
You are immune to poison.
Your flesh is very heat resistant. (rF++)
You are vulnerable to cold. (rC-)
You float through the air rather than walking.
You learn spells naturally, not from books.
Your magical power is your life essence.
You have superior vitality. (+4 MHP)
Your body sometimes deteriorates upon taking damage.
You occasionally lose the ability to drink potions when taking damage.


Message History

Casting: Ignition (dangerous; 1% risk of failure)
Press: ? - help, Dir - look around, f - activate The air bursts into flame!
The fireball engulfs the rockslime but does no damage.
The rockslime is lightly wounded.
The fireball engulfs the acid blob!
The acid blob is moderately wounded.
The fireball engulfs the quicksilver ooze!!
The quicksilver ooze is heavily wounded.
The fireball engulfs the azure jelly!!!
The azure jelly is burned terribly!
The azure jelly is severely wounded.
The fireball engulfs the rockslime.
The rockslime resists.
The rockslime is heavily wounded.
The fireball engulfs the acid blob!!
The acid blob is heavily wounded.
The fireball engulfs the rockslime but does no damage.
The rockslime is heavily wounded.
The fireball engulfs the acid blob!!!
The acid blob is severely wounded.
The fireball engulfs the azure jelly!!
The azure jelly is burned terribly!
You kill the azure jelly!
That felt strangely unrewarding.
The fireball engulfs the rockslime.
The rockslime resists.
The rockslime is lightly wounded.
The fireball engulfs the quicksilver ooze!
The quicksilver ooze is severely wounded.
The fireball engulfs the acid blob!!
You kill the acid blob!
That felt strangely unrewarding.
The fireball engulfs the rockslime.
The rockslime completely resists.
The rockslime is heavily wounded.
The fireball engulfs the rockslime.
The rockslime resists.
The rockslime is moderately wounded.
The fireball engulfs the rockslime.
The rockslime resists.
The rockslime is moderately wounded.
* * * LOW HITPOINT WARNING * * *
The rockslime hits you.
* * * LOW HITPOINT WARNING * * *
You are shoved backwards!
The quicksilver ooze hits you!
You die...

..........^......................
.................................
.................................
.................................
.................................
.................J...............
...............J.................
...............J.J...............
................@............####
........................######
###....<.............####
###....#....#....###
######=/)/##.### ###$$..($###
#$!.|:.)(# #$.:)):#(# ##########


You could see an acid blob, 2 rockslimes and a quicksilver ooze.

Vanquished Creatures
  the Royal Jelly (Slime:5)
  A dread lich (Vaults:5)
  Saint Roka (Snake:4)
  Margery (Vaults:2)
  Vashnia (Snake:4)
  3 golden dragons (Vaults:5)
  Zenata (Elf:2)
  A hellephant (Vaults:2)
  A tentacled monstrosity (Vaults:5)
  A lich (Vaults:2)
  3 titans (Vaults:5)
  16 acid blobs
  5 sphinxes
  3 deep elf blademasters
  A quicksilver dragon (Vaults:5)
  2 deep elf master archers (Elf:3)
  A kraken (Shoals:4)
  Polyphemus (Shoals:4)
  Frances (D:13)
  5 tengu reavers
  2 storm dragons (Vaults:5)
  Aizul (Snake:2)
  6 shadow dragons
  Donald (Snake:2)
  14 azure jellies
  11 rockslimes
  Ilsuiw (Shoals:2)
  3 fire giants (Vaults:5)
  3 nagarajas (Snake:4)
  6 frost giants
  5 deep elf elementalists (Elf:3)
  An iron dragon (Vaults:5)
  14 vault wardens
  5 deep elf sorcerers
  Louise (Snake:2)
  2 orc warlords
  22 ironbound preservers
  9 ironbound thunderhulks
  5 stone giants (Vaults:5)
  3 very ugly things (Vaults:5)
  10 formless jellyfish
  11 quicksilver oozes
  11 deep elf demonologists
  9 deep elf death magi
  9 deep elf annihilators (Elf:3)
  Azrael (D:12)
  A white draconian (IceCv)
  4 war gargoyles
  5 dire elephants
  2 eidola (Vaults:3)
  A red draconian (Volcano)
  2 ettins (Vaults:5)
  2 crystal guardians
  4 merfolk javelineers
  12 merfolk impalers
  7 yaktaur captains
  5 deep elf high priests
  5 peacekeepers
  5 great orbs of eyes
  5 salamander tyrants (Snake:4)
  35 vault guards
  7 hydras
  6 ice dragons (IceCv)
  3 ogre magi
  16 ironbound frosthearts
  A rakshasa (D:14)
  3 demonspawn (Orc:2)
  A catoblepas (Shoals:4)
  2 satyrs (Shoals:3)
  16 anacondas
  15 centaur warriors
  A merfolk avatar (Shoals:4)
  6 merfolk aquamancers
  9 boulder beetles
  27 dancing weapons
  A titan zombie (Vaults:2)
  A sphinx skeleton (Vaults:2)
  4 alligator snapping turtles
  13 naga warriors
  9 two-headed ogres
  8 death yaks
  5 tengu warriors
  8 orc high priests (Orc:2)
  An occultist (D:15)
  13 naga sharpshooters
  3 hell knights (Vaults:2)
  Nergalle (Orc:1)
  11 shock serpents
  A fire crab (Lair:4)
  6 skysharks
  17 deep elf knights
  2 goliath frogs (Lair:5)
  7 salamander mystics
  A shining eye (shapeshifter) (Vaults:5)
  A tengu zombie (Vaults:5)
  10 sea snakes
  6 naga ritualists
  54 deep trolls
  5 arcanists
  An orange crystal statue (IceCv)
  16 deep elf archers
  2 glowing orange brains
  16 mana vipers
  11 lindwurms
  A harpy (shapeshifter) (D:14)
  20 ironbound convokers
  35 deep elf pyromancers
  2 phantasmal warriors (Vaults:5)
  26 deep elf zephyrmancers
  3 necromancers
  A tengu skeleton (Vaults:5)
  11 harpies
  2 human zombies
  18 ugly things
  20 manticores
  35 salamanders
  9 orc knights
  7 orc sorcerers
  20 fauns
  8 shining eyes
  19 merfolk sirens
  2 kobold blastminers (Orc:2)
  A rust devil (Orc:2)
  A human skeleton (Vaults:5)
  7 guardian serpents
  7 eyes of devastation
  7 cyclopes
  16 naga magi
  26 black mambas
  A stone giant skeleton (Vaults:2)
  2 orange demons (Orc:2)
  5 water nymphs
  17 elephants
  23 cane toads
  A molten gargoyle (Lair:3)
  Jeremiah (D:8)
  19 vault sentinels
  A cane toad (shapeshifter) (Elf:1)
  2 gargoyles
  11 rime drakes
  5 komodo dragons
  2 tengu conjurers (D:15)
  2 unseen horrors
  A kobold demonologist (D:10)
  2 freezing wraiths (Elf:2)
  29 yaktaurs
  31 merfolk
  2 tyrant leeches (Lair:5)
  2 trolls
  5 wind drakes
  11 polar bears
  Prince Ribbit (D:9)
  16 blink frogs (Lair:5)
  12 snapping turtles
  3 glass eyes (Slime:5)
  4 dream sheep
  A culicivora (shapeshifter) (Vaults:5)
  2 centaur simulacra (D:10)
  A vampire (D:13)
  157 slime creatures
  2 shadows (D:9)
  3 wraiths
  3 wyverns
  8 water elementals
  6 fire elementals
  A yak (shapeshifter) (D:15)
  8 air elementals
  28 yaks
  7 wargs
  7 basilisks
  22 golden eyes
  A steam dragon (D:9)
  Grum (D:9)
  44 nagas
  7 vampire mosquitoes
  3 acid dragons
  17 water moccasins
  4 hell hounds (D:12)
  A black bear (Lair:1)
  6 ice beasts
  38 orc warriors
  2 sky beasts
  4 laughing skulls (D:13)
  A black bear (shapeshifter) (D:14)
  7 ogres
  22 wolves
  9 centaurs
  2 phantoms
  A kobold brigand (D:7)
  A weeping skull (Ossuary)
  21 bullfrogs
  2 gnoll sergeants
  6 scorpions
  A glowing shapeshifter simulacrum (Vaults:2)
  7 water moccasin zombies (Ossuary)
  3 earth elementals
  A troll zombie (D:9)
  8 killer bees (D:9)
  4 electric eels
  14 jellies
  5 howler monkeys
  A bombardier beetle (D:3)
  4 lava snakes (Lair:3)
  7 hounds
  14 orc priests
  2 gnoll boudas
  4 sleepcaps (D:7)
  An iguana (D:5)
  25 orc wizards
  6 ogre zombies
  A bullfrog simulacrum (Ossuary)
  2 crocodile zombies (Ossuary)
  2 mummies (Ossuary)
  7 adders
  18 gnolls
  3 shadow imps
  8 white imps
  4 ufetubi
  6 adder zombies (Ossuary)
  A ribbon worm (D:2)
  A dart slug (D:1)
  75 orcs
  11 bats
  10 endoplasms
  5 giant cockroaches
  13 goblins
  10 hobgoblins
  11 kobolds
  3 quokkas
  9 ball pythons
  4 frilled lizards
  8 gnoll zombies
  5 jackal zombies (Ossuary)
  3 orc skeletons (D:9)
  17 orc zombies
  3 rats
  20 fulminant prisms
  2 tentacles (Shoals:4)
1998 creatures vanquished.

Vanquished Creatures (collateral kills)
  A vault guard (D:14)
1 creature vanquished.

Vanquished Creatures (others)
  A merfolk (Shoals:2)
  555 fulminant prisms
  2 tentacles (Shoals:4)
558 creatures vanquished.

Grand Total: 2557 creatures vanquished

Notes
Turn   | Place    | Note
-------+----------+-------------------------------------------
     0 | D:1      | shadizar the Djinni Conjurer began the quest for the Orb.
     0 | D:1      | shadizar set off with the following spells memorised: Magic
                  | Dart, Searing Ray, Fulminant Prism, Iskenderun's Mystic
                  | Blast.
     0 | D:1      | Reached XP level 1. HP: 15/15 MP: 0/0
   102 | D:1      | Reached XP level 2. HP: 20/22 MP: 0/0
   215 | D:1      | Reached skill level 1 in Fighting
   448 | D:1      | Reached XP level 3. HP: 25/27 MP: 0/0
   448 | D:1      | Learned a level 1 spell: Sandblast
   532 | D:1      | Found a faded altar of an unknown god.
   896 | D:2      | Reached skill level 4 in Conjurations
   921 | D:2      | Reached XP level 4. HP: 27/33 MP: 0/0
  1532 | D:3      | Reached XP level 5. HP: 34/40 MP: 0/0
  1532 | D:3      | Learned a level 2 spell: Lesser Beckoning
  1687 | D:3      | You are sucked into a shaft and drop 2 floors!
  1687 | D:5      | Entered Level 5 of the Dungeon
  1687 | D:5      | Found a basalt altar of Yredelemnul.
  1794 | D:5      | Found a sand-covered staircase.
  1819 | Ossuary  | Entered an ossuary
  1998 | Ossuary  | Reached XP level 6. HP: 24/46 MP: 0/0
  2123 | Ossuary  | Reached skill level 5 in Spellcasting
  2123 | Ossuary  | Reached skill level 5 in Conjurations
  2123 | Ossuary  | Reached skill level 5 in Hexes
  2123 | Ossuary  | Reached skill level 5 in Summonings
  2123 | Ossuary  | Reached skill level 5 in Necromancy
  2123 | Ossuary  | Reached skill level 5 in Translocations
  2123 | Ossuary  | Reached skill level 5 in Fire Magic
  2123 | Ossuary  | Reached skill level 5 in Ice Magic
  2123 | Ossuary  | Reached skill level 5 in Air Magic
  2123 | Ossuary  | Reached skill level 5 in Earth Magic
  2123 | Ossuary  | Reached skill level 5 in Alchemy
  2232 | Ossuary  | Reached XP level 7. HP: 29/53 MP: 0/0
  2232 | Ossuary  | Learned a level 2 spell: Momentum Strike
  2358 | Ossuary  | Reached skill level 5 in Fighting
  2634 | D:4      | Found an iron altar of Okawaru.
  2679 | D:3      | Found a sacrificial altar of Ru.
  2775 | D:3      | Reached XP level 8. HP: 50/61 MP: 0/0
  2797 | D:3      | Found an ornate altar of the Wu Jian Council.
  2805 | D:3      | Found a glowing silver altar of Zin.
  3596 | D:4      | Reached skill level 6 in Conjurations
  3696 | D:4      | Identified the +3 hand axe "Killer Bee's Doom" {heavy,
                  | Will+}
  3860 | D:4      | Reached skill level 1 in Armour
  3914 | D:4      | Found a hazy altar of Hepliaklqana.
  4192 | D:5      | Found a blossoming altar of Fedhas.
  4301 | D:5      | Found a white marble altar of Elyvilon.
  4302 | D:5      | Found a burning altar of Makhleb.
  4387 | D:5      | Became a worshipper of Makhleb the Destroyer
  4490 | D:5      | Reached XP level 9. HP: 67/67 MP: 0/0
  4490 | D:5      | Learned a level 3 spell: Vampiric Draining
  5202 | D:6      | Found a staircase to the Ecumenical Temple.
  5558 | D:6      | Reached skill level 5 in Dodging
  5776 | D:7      | Reached * piety under Makhleb
  5868 | D:7      | Noticed a purple ugly thing
  5957 | D:7      | Reached XP level 10. HP: 76/76 MP: 0/0
  6055 | D:7      | Reached skill level 7 in Conjurations
  6632 | D:7      | Reached skill level 5 in Armour
  6784 | D:7      | Reached ** piety under Makhleb
  6800 | D:7      | Found a sparkling altar of Nemelex Xobeh.
  6970 | D:8      | Found a staircase to the Lair.
  7077 | D:8      | Found a broken altar of Ashenzari.
  7285 | D:8      | Noticed Jeremiah
  7289 | D:8      | Killed Jeremiah
  7721 | Lair:1   | Entered Level 1 of the Lair of Beasts
  7756 | Lair:1   | Noticed a cane toad
  7764 | Lair:1   | Killed a cane toad
  7765 | Lair:1   | Noticed an elephant
  7766 | Lair:1   | Noticed an elephant
  7766 | Lair:1   | Noticed an elephant
  7778 | Lair:1   | Killed an elephant
  7779 | Lair:1   | Reached XP level 11. HP: 27/84 MP: 0/0
  7779 | Lair:1   | Learned a level 5 spell: Summon Mana Viper
  7780 | Lair:1   | Killed an elephant
  7782 | Lair:1   | Killed an elephant
  8011 | D:7      | Killed a purple ugly thing
  8012 | D:7      | Reached skill level 8 in Conjurations
  8056 | D:7      | Noticed an orc knight
  8056 | D:7      | Noticed an orc sorcerer
  8061 | D:7      | Killed an orc sorcerer
  8061 | D:7      | Killed an orc knight
  8203 | D:9      | Reached *** piety under Makhleb
  8570 | D:9      | Noticed Grum
  8576 | D:9      | Killed Grum
  8579 | D:9      | Reached skill level 10 in Fighting
  8586 | D:9      | Reached **** piety under Makhleb
  8596 | D:9      | Found a staircase to the Orcish Mines.
  8699 | D:9      | Noticed a manticore
  8703 | D:9      | Killed a manticore
  8790 | D:9      | Noticed Prince Ribbit
  8793 | D:9      | Killed Prince Ribbit
  8926 | D:9      | Found a hide-covered altar of Uskayaw.
  8934 | D:9      | Found a shadowy altar of Dithmenos.
  9313 | Orc:1    | Entered Level 1 of the Orcish Mines
  9373 | D:10     | Entered Level 10 of the Dungeon
  9390 | D:10     | Reached XP level 12. HP: 65/91 MP: 0/0
  9752 | D:10     | Noticed a death yak
  9766 | D:10     | Killed a death yak
 10069 | D:10     | Reached ***** piety under Makhleb
 10372 | D:11     | Reached skill level 9 in Conjurations
 10375 | D:11     | Reached skill level 10 in Dodging
 10823 | D:11     | Noticed a two-headed ogre
 10831 | D:11     | Killed a two-headed ogre
 11239 | D:12     | Noticed a boulder beetle
 11250 | D:12     | Noticed a two-headed ogre
 11251 | D:12     | Killed a boulder beetle
 11254 | D:12     | Killed a two-headed ogre
 11260 | D:12     | Noticed Azrael
 11265 | D:12     | Killed Azrael
 11266 | D:12     | Reached XP level 13. HP: 99/99 MP: 0/0
 11266 | D:12     | Learned a level 5 spell: Borgnjor's Vile Clutch
 11853 | Lair:1   | Reached skill level 10 in Armour
 12117 | Lair:1   | Found a basalt altar of Yredelemnul.
 12527 | Lair:2   | Found a staircase to the Shoals.
 13159 | Lair:3   | Reached skill level 10 in Spellcasting
 13159 | Lair:3   | Reached skill level 10 in Conjurations
 13159 | Lair:3   | Reached skill level 10 in Hexes
 13159 | Lair:3   | Reached skill level 10 in Summonings
 13159 | Lair:3   | Reached skill level 10 in Necromancy
 13159 | Lair:3   | Reached skill level 10 in Translocations
 13159 | Lair:3   | Reached skill level 10 in Fire Magic
 13159 | Lair:3   | Reached skill level 10 in Ice Magic
 13159 | Lair:3   | Reached skill level 10 in Air Magic
 13159 | Lair:3   | Reached skill level 10 in Earth Magic
 13159 | Lair:3   | Reached skill level 10 in Alchemy
 13269 | Lair:3   | Noticed an eight-headed hydra
 13276 | Lair:3   | Killed an eight-headed hydra
 13408 | Lair:3   | Reached XP level 14. HP: 93/108 MP: 0/0
 13409 | Lair:3   | Found a staircase to the Snake Pit.
 13624 | Lair:3   | You are sucked into a shaft and drop 2 floors!
 13624 | Lair:5   | Entered Level 5 of the Lair of Beasts
 14198 | Lair:4   | Found a dark tunnel.
 14203 | Volcano  | Entered a volcano
 14462 | Volcano  | Found a burning altar of Makhleb.
 14463 | Volcano  | Noticed a red draconian
 14572 | Volcano  | Killed a red draconian
 14810 | Lair:4   | Reached skill level 11 in Conjurations
 14820 | Lair:4   | Found a staircase to the Slime Pits.
 14820 | Lair:4   | Found a viscous altar of Jiyva.
 15513 | Lair:5   | Reached ****** piety under Makhleb
 15739 | Lair:5   | Reached XP level 15. HP: 91/115 MP: 0/0
 15739 | Lair:5   | Learned a level 6 spell: Dispersal
 15993 | Lair:5   | Found a runed translucent door.
 16314 | Lair:5   | Noticed KineticRobot's ghost (journeyman OnBe)
 17249 | D:13     | Noticed Frances
 17257 | D:13     | Killed Frances
 17258 | D:13     | Reached skill level 12 in Conjurations
 17404 | D:13     | Found a portal to a secret trove of treasure.
 17425 | Trove    | Entered a treasure trove
 17446 | Trove    | Identified the scarf of Dycvism {rC+ rF+, Harm Int+3}
 17453 | Trove    | Identified the +0 helmet of Entitlement {Int+4 Slay+3}
 17456 | Trove    | Identified the ring of Eternity {Int+3 Dex+6}
 17458 | Trove    | Identified the amulet of Ziomoon {Reflect rF+ SH+5}
 17969 | D:14     | Reached skill level 1 in Shields
 18046 | D:14     | Found a gate to the Vaults.
 18210 | D:14     | Reached XP level 16. HP: 103/123 MP: 0/0
 18360 | D:14     | Identified the +10 hand axe "Killer Bee's Regret" {spect,
                  | Int+3 Stlth+}
 19011 | Orc:2    | Entered Level 2 of the Orcish Mines
 19089 | Orc:2    | Found Nalapheps's General Store.
 19113 | Orc:2    | Found Wihet's Distillery.
 19346 | Orc:2    | Reached skill level 13 in Conjurations
 19415 | Orc:2    | Found Pisetro's Antique Weapon Shop.
 19415 | Orc:2    | Found Beoveob's Jewellery Boutique.
 19420 | Orc:2    | Found a one-way gate leading to the halls of Pandemonium.
 19799 | Orc:2    | Found a staircase to the Elven Halls.
 19836 | Orc:2    | Found Hiusav's General Store.
 20153 | Orc:1    | Noticed Nergalle
 20159 | Orc:1    | Killed Nergalle
 20668 | Snake:1  | Entered Level 1 of the Snake Pit
 21018 | Snake:1  | Reached XP level 17. HP: 99/130 MP: 0/0
 21018 | Snake:1  | Learned a level 6 spell: Summon Cactus Giant
 21125 | Snake:1  | Reached skill level 5 in Shields
 22081 | Snake:2  | Identified the serpent talisman "Jilol" {Dex+8}
 22081 | Snake:2  | Noticed Aizul
 22094 | Snake:2  | Killed Aizul
 22112 | Snake:2  | Noticed Donald
 22120 | Snake:2  | Killed Donald
 22288 | Snake:2  | Reached skill level 15 in Dodging
 22402 | Snake:2  | Found a stormy altar of Qazlal.
 22541 | Snake:2  | You are sucked into a shaft and drop 1 floor!
 22624 | Snake:2  | Reached skill level 14 in Conjurations
 22625 | Snake:2  | Noticed Louise
 22634 | Snake:2  | Killed Louise
 22755 | Snake:2  | Reached skill level 15 in Fighting
 23891 | Snake:3  | Found Duygrat's Assorted Antiques.
 23892 | Snake:3  | Found Gepa's Armour Shoppe.
 23893 | Snake:3  | Found Usahyq's Jewellery Shop.
 23894 | Snake:3  | Found Qestripri's Distillery.
 23912 | Snake:3  | Bought the ring "Emita" {rElec rPois rCorr Str+2} for 438
                  | gold pieces
 23949 | Snake:4  | Entered Level 4 of the Snake Pit
 24129 | Snake:4  | Noticed Vashnia
 24165 | Snake:4  | Reached XP level 18. HP: 112/138 MP: 0/0
 24179 | Snake:4  | Killed Vashnia
 24563 | Snake:4  | Noticed Saint Roka
 24573 | Snake:4  | Killed Saint Roka
 25086 | Snake:4  | Reached skill level 15 in Spellcasting
 25086 | Snake:4  | Reached skill level 15 in Conjurations
 25086 | Snake:4  | Reached skill level 15 in Hexes
 25086 | Snake:4  | Reached skill level 15 in Summonings
 25086 | Snake:4  | Reached skill level 15 in Necromancy
 25086 | Snake:4  | Reached skill level 15 in Translocations
 25086 | Snake:4  | Reached skill level 15 in Fire Magic
 25086 | Snake:4  | Reached skill level 15 in Ice Magic
 25086 | Snake:4  | Reached skill level 15 in Air Magic
 25086 | Snake:4  | Reached skill level 15 in Earth Magic
 25086 | Snake:4  | Reached skill level 15 in Alchemy
 25338 | Snake:4  | Reached XP level 19. HP: 145/145 MP: 0/0
 25338 | Snake:4  | Learned a level 7 spell: Ozocubu's Refrigeration
 25351 | Snake:4  | Got a serpentine rune of Zot
 26311 | Shoals:1 | Entered Level 1 of the Shoals
 26445 | Shoals:1 | Found Soor's General Store.
 27223 | Shoals:2 | Noticed Ilsuiw
 27300 | Shoals:2 | Killed Ilsuiw
 28251 | Shoals:3 | Identified the staff of the Onslaught {rPois rC+ Str-3
                  | Int+3 Ice}
 28637 | Shoals:3 | Found Ybuistre's Book Boutique.
 28884 | Shoals:4 | Entered Level 4 of the Shoals
 28896 | Shoals:4 | Reached skill level 16 in Conjurations
 28924 | Shoals:4 | Reached skill level 15 in Armour
 29021 | Shoals:4 | Noticed Polyphemus
 29024 | Shoals:4 | Reached XP level 20. HP: 153/153 MP: 0/0
 29033 | Shoals:4 | Killed Polyphemus
 29071 | Shoals:4 | Got a barnacled rune of Zot
 29437 | Shoals:4 | Found Sutwuits's Jewellery Boutique.
 29533 | Shoals:4 | Noticed Roxanne
 29577 | Shoals:4 | Reached skill level 10 in Shields
 30158 | Elf:1    | Entered Level 1 of the Elven Halls
 30881 | Elf:1    | Reached skill level 17 in Conjurations
 31428 | Elf:1    | Paralysed by an air elemental for 1 turns
 31517 | Elf:2    | Paralysed by an air elemental for 1 turns
 31559 | Elf:2    | Found a glacial archway.
 31594 | IceCv    | Entered an ice cave
 31655 | IceCv    | Reached XP level 21. HP: 160/160 MP: 0/0
 31655 | IceCv    | Learned a level 8 spell: Ignition
 31733 | IceCv    | Reached skill level 18 in Conjurations
 32071 | Elf:2    | Noticed Zenata
 32094 | Elf:2    | Killed Zenata
 32099 | Elf:2    | Paralysed by an air elemental for 1 turns
 32372 | Elf:2    | Found Kolo's Assorted Antiques.
 32410 | Elf:2    | Found a runed translucent gate.
 32410 | Elf:2    | Found a runed translucent gate.
 32412 | Elf:2    | Found a runed translucent gate.
 32745 | Elf:2    | Reached skill level 19 in Conjurations
 33289 | Elf:3    | Entered Level 3 of the Elven Halls
 33439 | Elf:3    | Found Zypubulur's Distillery.
 33502 | Elf:3    | Reached skill level 20 in Conjurations
 33517 | Elf:3    | Reached XP level 22. HP: 161/166 MP: 0/0
 33529 | Elf:3    | Reached skill level 21 in Conjurations
 33734 | Elf:3    | Identified the ring "Efruteu" {rF+ Int+3}
 33748 | Elf:3    | Identified the +1 morningstar "Efili" {freeze, rPois Int+3
                  | Dex+2}
 33796 | Elf:3    | Found the brooch of Shielding {Spirit SH+8}
 33844 | Elf:3    | Identified the +2 chain mail "Qasugaf" {rElec rC++ Int-5}
 33855 | Elf:3    | Identified the ring of Higice {rF- rN+ Will+ Dex+4}
 34948 | Vaults:1 | Entered Level 1 of the Vaults
 34980 | Vaults:1 | Reached skill level 22 in Conjurations
 35184 | Vaults:1 | Found Hynlacvu's Assorted Antiques.
 35715 | Vaults:1 | Found a runed translucent door.
 35715 | Vaults:1 | Noticed heinrich's ghost (adept TrMo)
 35903 | Vaults:1 | Reached skill level 23 in Conjurations
 36702 | Vaults:2 | Reached XP level 23. HP: 172/172 MP: 0/0
 36702 | Vaults:2 | Learned a level 7 spell: Enfeeble
 36704 | Vaults:2 | Reached skill level 24 in Conjurations
 36783 | Vaults:2 | Found a staircase to the Crypt.
 36954 | Vaults:2 | Noticed Margery
 36958 | Vaults:2 | Killed Margery
 37592 | Vaults:3 | Reached skill level 25 in Conjurations
 38505 | Vaults:4 | Reached skill level 26 in Conjurations
 38709 | Vaults:4 | Found Tufanys's Assorted Antiques.
 38802 | Vaults:4 | Found Ybyd's Armour Boutique.
 38849 | Vaults:4 | Reached XP level 24. HP: 179/179 MP: 0/0
 39010 | Vaults:4 | Found Faujatae's Weapon Shoppe.
 39225 | Vaults:4 | Reached skill level 27 in Conjurations
 39477 | Vaults:5 | Entered Level 5 of the Vaults
 39493 | Vaults:5 | Noticed a dread lich
 39500 | Vaults:5 | Noticed a golden dragon
 39502 | Vaults:5 | Killed a dread lich
 39504 | Vaults:5 | Noticed a golden dragon
 39505 | Vaults:5 | Killed a golden dragon
 39508 | Vaults:5 | Killed a golden dragon
 39520 | Vaults:5 | Reached XP level 25. HP: 88/177 MP: 0/0
 39520 | Vaults:5 | Learned a level 8 spell: Infestation
 39711 | Vaults:5 | Identified the +4 rapier "Adeelecw" {chaos, rPois rF+++
                  | Will+ Dex-2}
 39794 | Vaults:5 | Identified the +0 great sword "Urchul" {freeze, Str+2 SInv
                  | Stlth+}
 39818 | Vaults:5 | Identified the +0 mace of the Lurker {flame, rPois rCorr
                  | MP+9 Dex+5}
 40183 | Vaults:5 | Got a silver rune of Zot
 40216 | Vaults:5 | Identified the ring of Stoicism {^Drain rPois rF+ Dex+3
                  | Slay+2}
 40455 | Vaults:5 | Identified the ring "Ejanim Yruh" {+Blink rPois Str+3 Int-2
                  | Dex+6}
 40610 | Vaults:5 | Identified the staff of Yredelemnul's Grace {rElec rN+++
                  | Dex-4 Stlth+ Air Alchemy}
 40624 | Vaults:5 | Identified the +2 robe "Yczoats" {*Corrode rC+ rN+}
 40632 | Vaults:5 | Identified the +2 cloak of the Swamp {-Cast rElec SInv}
 40866 | D:15     | Entered Level 15 of the Dungeon
 41108 | D:15     | Found a staircase to the Depths.
 41209 | D:15     | Found a shimmering altar of Xom.
 41210 | D:15     | Found a shimmering altar of Xom.
 41210 | D:15     | Found a shimmering altar of Xom.
 41211 | D:15     | Found a shimmering altar of Xom.
 41213 | D:15     | Found a shimmering altar of Xom.
 41213 | D:15     | Found a shimmering altar of Xom.
 41851 | Slime:1  | Entered Level 1 of the Pits of Slime
 41864 | Slime:1  | Gained mutation: Your body sometimes deteriorates upon
                  | taking damage. [a shining eye]
 42661 | Slime:2  | Gained mutation: You occasionally lose the ability to drink
                  | potions when taking damage. [a shining eye]
 43730 | Slime:5  | Entered Level 5 of the Pits of Slime
 44030 | Slime:5  | Reached XP level 26. HP: 195/195 MP: 0/0
 44201 | Slime:5  | Found a viscous altar of Jiyva.
 44440 | Slime:5  | Noticed the Royal Jelly
 44449 | Slime:5  | Killed the Royal Jelly
 44450 | Slime:5  | HP: 7/195 [rockslime[the Royal Jelly] (6)]
 44450 | Slime:5  | Mangled by a quicksilver ooze

Illustrated notes

Levels and vault maps discovered:
D:1:      dpeg_arrival_rhombus, layout_loops_cross,
          chequers_ecumenical_altar_simple
D:2:      layout_basic
D:3:      layout_loops_ring, mainiacjoe_overflow_catwalk,
          mainiacjoe_overflow_six_doors_small, nicolae_ru_sacrificial_ziggurat
D:4:      layout_gridville, mainiacjoe_overflow_chevrons,
          okawaru_ov_weapons_minmay, nicolae_grassy_gnolls
D:5:      layout_basic, kennysheep_little_box, fedhas_altar_1,
          jmf_multi_god_temple, nicolae_ossuary_entry_false_entrances,
          minmay_stone_trees_medium, water_boxes_lemuel
D:6:      layout_cave_pools, minmay_temple_entry_gardened_gates,
          serial_library_regret_index_headful
D:7:      minmay_the_grid_plus [minmay_the_grid_all_tris,
          minmay_the_grid_armoury, minmay_the_grid_pillar_ring,
          minmay_the_grid_spikes, minmay_the_grid_prize_diamond_cup],
          layout_basic, overflow_temple_1_default, dk_noncrumbling_2,
          chequers_serial_rivers_small_3
D:8:      layout_loops_ring, nicolae_overflow_hidden_temple, david_lair_generic,
          uniq_jeremiah
D:9:      layout_basic, mainiacjoe_overflow_big_doors, zombieorc1_lemuel,
          uniq_grum, uniq_prince_ribbit1
D:10:     layout_loops_corners, mainiacjoe_overflow_alcove_1,
          nicolae_sif_muna_little_library, serial_ice, serial_ice_e,
          serial_ice_b, serial_ice_d, serial_ice_g, serial_ice_a, serial_ice_n,
          serial_ice_f, serial_ice_o, serial_ice_i, serial_ice_m
D:11:     layout_rooms
D:12:     layout_irregular_city, uniq_azrael
D:13:     layout_big_octagon, enter_trove_0, uniq_frances
D:14:     layout_cave_pods, erik_vaults_2, serial_library_hellmonk_open_square
D:15:     hangedman_depths_entry_try_elsewhere_first, layout_loops_ring,
          xom_shifter_show
Lair:1:   layout_long_grid, basic_altar
Lair:2:   layout_gridlike, minmay_shoals_entry_beasts, lemuel_fruit_tree
Lair:3:   layout_misc_corridors, nicolae_snake_entry_warm_welcome,
          nicolae_quartered_pool_impasse, serial_bayou_lagoon_a,
          hellmonk_talismancer
Lair:4:   layout_loops_ring, minmay_slime_entry_jelly_boxes,
          nicolae_volcano_entry_s_turn
Lair:5:   minmay_lair_end_frog_pond, layout_hall_layers, gammafunk_ghost_grave,
          grunt_megastairs_3, serial_bayou_shore_b
Shoals:1: layout_shoals, serial_shops, nicolae_shop_rolling_square
Shoals:2: layout_shoals, uniq_ilsuiw
Shoals:3: layout_shoals, serial_shops, nicolae_diamond_shop
Shoals:4: shoals_end_simple, layout_shoals, shoals_ilsuiw_ice,
          minmay_shop_enchanted_jewellery, uniq_polyphemus, uniq_roxanne
Snake:1:  layout_chambers, st_stairs_4, nicolae_snake_salamander_zone
Snake:2:  layout_onion, basic_altar, nicolae_snake_biting_tails, uniq_aizul,
          uniq_louise, uniq_donald
Snake:3:  layout_rooms, nicolae_snake_gridmaze_big_u, nicolae_wooded_promenade,
          nicolae_snake_gridmaze_waves, nicolae_letterblocks
          [nicolae_letter_subblock, nicolae_letter_subblock,
          nicolae_letter_subblock, nicolae_letter_subblock,
          nicolae_letter_subblock, nicolae_letter_subblock,
          nicolae_letter_subblock, nicolae_letter_subblock,
          nicolae_letter_subblock, nicolae_letter_subblock,
          nicolae_letter_subblock, nicolae_letter_subblock,
          nicolae_letter_subblock, nicolae_letter_subblock,
          nicolae_letter_subblock, nicolae_letter_subblock,
          nicolae_letter_subblock, nicolae_letter_subblock,
          nicolae_letter_subblock, nicolae_letter_subblock,
          nicolae_letter_subblock, nicolae_letter_subblock,
          nicolae_letter_subblock, nicolae_letter_subblock,
          nicolae_letter_subblock]
Snake:4:  snake_pit_salamanders_mu, layout_cave_town, grunt_ministairs_3,
          serial_bayou_pond_d, uniq_saint_roka, uniq_vashnia
Slime:1:  layout_caves, nicolae_slime_phagocytosis
Slime:2:  layout_caves, cheibrodos_slime_lost_civilization_6
Slime:3:  layout_caves
Slime:4:  layout_caves
Slime:5:  slime_pit_nicolae_inversion
Orc:1:    layout_caves, uniq_nergalle
Orc:2:    pf_orc_diabolical, layout_caves, serial_shops,
          nicolae_shop_tiny_waterfront, nicolae_orc_damp_corner
Elf:1:    kennysheep_blocky_hall, layout_loops_corners, basic_altar,
          minmay_elf_sorcery, evilmike_minifort
Elf:2:    elven_hall_of_blades_hangedman_original [grunt_blade_entry_basic],
          layout_onion_city, serial_shops, shop,
          portal_ice_cave_entry_frozen_things, uniq_zenata
Elf:3:    elf_hall, layout_onion_city, serial_shops, shop
Vaults:1: hellmonk_ghost_big_iron, nicolae_vaults_stepped_doors,
          vaults_dpeg_hooks, v_misc_28, nicolae_vaults_sightless_eye,
          nicolae_vaults_weapon_check, hangedman_vaults_slice,
          vaults_mumra_hexcomb, vaults_dpeg_ring, nicolae_vaults_house_1,
          vaults_room_hangedman_quadrants, layout_vaults_big_room, serial_shops,
          shop
Vaults:2: nicolae_vaults_little_squares_1, v_alt_pattern_6, v_misc_18,
          nicolae_vaults_tetromino_Z_2, nicolae_vaults_sealed_display,
          nicolae_vaults_windows_and_doors_thing,
          nicolae_vaults_trapezoid_layered, minmay_crypt_entry_nasty_monster,
          nicolae_vaults_tangram_2, nicolae_vaults_rhombus_5,
          vaults_standard_mumra_x, layout_vaults_ring, uniq_margery
Vaults:3: nicolae_vaults_trapezoid_layered, vaults_room_large_hall,
          hangedman_vaults_slither, v_pattern_2, nicolae_vaults_alarming,
          v_misc_11, v_alt_pattern_6, nicolae_vaults_offset_grid_hallway_3,
          nicolae_vaults_stand_back, vaults_dpeg_emergency_exit,
          ontoclasm_vaults_chip, vaults_room_stairs_pillars,
          nicolae_vaults_apartment_1, layout_vaults_omnibox
Vaults:4: nicolae_vaults_storage_room_glass, vaults_room_pools,
          nicolae_vaults_surprise_closet, v_pattern_1, ontoclasm_vaults_chip,
          v_misc_30, ontoclasm_vaults_bender, nicolae_vaults_network_barrier,
          nicolae_vaults_trapezoid_lopsided_2, vaults_mumra_minichess,
          v_misc_22, layout_vaults_maze_bifur, serial_shops, shop, shop, shop
Vaults:5: serial_shops

Skill      XL: |  1  2  3  4  5  6  7  8  9 10 11 12 13 14 15 16 17 18 19 20 21 22 23 24 25 |
---------------+----------------------------------------------------------------------------+-----
Fighting       | 1 2 3 4 5 6 7 9 10 11 12 13 14 15 16 17 18 | 18.8
Spellcasting   | 4 5 6 7 8 9 10 11 12 13 14 15 16 17 18 20 22 24 25 | 25.1
Conjurations   | 4 5 6 7 8 9 10 11 12 13 14 15 16 17 20 23 26 27 | 27.0
Hexes          | 4 5 6 7 8 9 10 11 12 13 14 15 16 17 18 20 22 24 25 | 25.1
Summonings     | 4 5 6 7 8 9 10 11 12 13 14 15 16 17 18 20 22 24 25 | 25.1
Necromancy     | 4 5 6 7 8 9 10 11 12 13 14 15 16 17 18 20 22 24 25 | 25.1
Translocations | 4 5 6 7 8 9 10 11 12 13 14 15 16 17 18 20 22 24 25 | 25.1
Fire Magic     | 4 5 6 7 8 9 10 11 12 13 14 15 16 17 18 20 22 24 25 | 25.1
Ice Magic      | 4 5 6 7 8 9 10 11 12 13 14 15 16 17 18 20 22 24 25 | 25.1
Air Magic      | 4 5 6 7 8 9 10 11 12 13 14 15 16 17 18 20 22 24 25 | 25.1
Earth Magic    | 4 5 6 7 8 9 10 11 12 13 14 15 16 17 18 20 22 24 25 | 25.1
Alchemy        | 4 5 6 7 8 9 10 11 12 13 14 15 16 17 18 20 22 24 25 | 25.1
Armour         | 2 4 6 8 9 10 11 12 13 14 15 | 15.2
Dodging        | 3 5 7 9 10 12 13 14 15 16 17 | 17.1
Shields        | 2 4 6 8 9 11 12 | 12.5
Stealth        | |  1.5

Action                     |  1- 3 |  4- 6 |  7- 9 | 10-12 | 13-15 | 16-18 | 19-21 | 22-24 | 25-27 || total
---------------------------+-------+-------+-------+-------+-------+-------+-------+-------+-------++-------
  Melee: Unarmed           |     3 |       |       |     2 |       |       |       |       |       ||     5
         Staff             |       |       |       |    12 |    10 |     4 |     5 |     3 |       ||    34
   Cast: Magic Dart        |    60 |    61 |   184 |   173 |    32 |       |       |       |       ||   510
         Searing Ray       |       |     4 |       |       |       |       |       |       |       ||     4
         Sandblast         |       |    23 |   120 |   186 |   189 |    24 |    15 |       |     1 ||   558
         Iskenderun's Myst |       |     1 |     8 |   101 |   238 |   257 |   297 |   294 |    20 ||  1216
         Fulminant Prism   |       |       |     1 |    16 |    88 |   237 |   204 |    22 |     8 ||   576
         Borgnjor's Vile C |       |       |       |       |     2 |       |       |       |       ||     2
         Summon Mana Viper |       |       |       |       |     1 |       |       |       |       ||     1
         Ozocubu's Refrige |       |       |       |       |       |       |    14 |   127 |   240 ||   381
         Summon Cactus Gia |       |       |       |       |       |       |     1 |       |       ||     1
         Ignition          |       |       |       |       |       |       |       |    26 |    25 ||    51
    Use: Scroll            |       |     4 |    12 |    11 |     7 |     1 |     2 |     1 |     1 ||    39
         Potion            |       |       |       |     1 |       |       |     2 |       |       ||     3
 Armour: Robe              |    12 |    26 |    98 |    44 |       |       |       |       |       ||   180
         Ring mail         |       |       |       |   194 |    52 |       |       |       |       ||   246
         Scale mail        |       |       |       |       |   208 |   176 |   221 |   125 |    33 ||   763
  Dodge: Dodged            |     9 |    29 |    56 |   115 |   103 |    88 |   133 |    71 |    12 ||   616
  Block: Buckler           |       |       |       |       |     4 |    27 |     4 |       |       ||    35
         Kite shield       |       |       |       |       |       |    44 |   107 |    86 |    11 ||   248
         Reflection        |       |       |       |       |       |    25 |    51 |    27 |     2 ||   105

Table legend: (Time is in decaauts)
 A = Elapsed time spent in this place.
 B = Non-inter-level travel time spent in this place.
 C = Inter-level travel time spent in this place.
 D = Time resting spent in this place.
 E = Time spent auto-exploring this place.
 F = Levels seen in this place.
 G = Mean time per level.
                   A        B        C        D        E       F      G
               +--------+--------+--------+--------+--------+-----+--------+
         Total |  44817 |  41042 |   3775 |      0 |  27472 |  47 |  953.6 |
       Dungeon |  15223 |  12874 |   2349 |      0 |   8769 |  15 | 1014.9 |
          Lair |   5096 |   4502 |    594 |      0 |   2941 |   5 | 1019.2 |
        Shoals |   3710 |   3627 |     83 |      0 |   2471 |   4 |  927.5 |
     Snake Pit |   4796 |   4634 |    162 |      0 |   3055 |   4 | 1199.0 |
    Slime Pits |   2597 |   2566 |     31 |      0 |   1973 |   5 |  519.4 |
  Orcish Mines |   1585 |   1485 |    100 |      0 |    855 |   2 |  792.5 |
   Elven Halls |   4130 |   3950 |    180 |      0 |   2500 |   3 | 1376.7 |
        Vaults |   5899 |   5628 |    271 |      0 |   4001 |   5 | 1179.8 |
         Trove |     56 |     56 |      0 |      0 |      0 |   1 |   56.0 |
       Ossuary |    802 |    802 |      0 |      0 |    488 |   1 |  802.0 |
      Ice Cave |    449 |    449 |      0 |      0 |    266 |   1 |  449.0 |
       Volcano |    468 |    468 |      0 |      0 |    153 |   1 |  468.0 |
               +--------+--------+--------+--------+--------+-----+--------+

Top non-repeatable levels by time:
 Snake:4: 1519 daAuts
     D:7: 1513 daAuts
   Elf:3: 1416 daAuts
 Snake:1: 1390 daAuts
     D:9: 1388 daAuts
   Elf:1: 1372 daAuts
    D:10: 1367 daAuts
Vaults:1: 1342 daAuts
   Elf:2: 1341 daAuts
Vaults:5: 1289 daAuts
  Lair:5: 1209 daAuts
Vaults:2: 1202 daAuts
     D:8: 1178 daAuts
     D:5: 1173 daAuts
  Lair:1: 1137 daAuts
